 Dungeon Crawl Stone Soup version 0.14-a0-2162-g062a2ce (webtiles) character file.

5244 4tharraofdagon the Firebug (level 10, -1/44 HPs)
             Began as a Vine Stalker Fire Elementalist on Jan 28, 2014.
             Was an Elder of Okawaru.
             Shot with an arrow by a centaur (11 damage)
             ... on Level 10 of the Dungeon.
             The game lasted 00:23:40 (3191 turns).

4tharraofdagon the Firebug (VSFE)                   Turns: 3191, Time: 00:23:40

HP  -1/44        AC  9     Str 15      XL: 10   Next: 52%
MP   0/32        EV 10     Int 17      God: Okawaru [****..]
Gold 319         SH  0     Dex 14      Spells:  3 memorised, 10 levels left

rFire  + . .     SeeInvis .     N - +2 battleaxe (freeze)
rCold  . . .     Clarity  .     A - +0 elf ring mail
rNeg   . . .     Conserve .     (no shield)
rPois  .         rCorr    .     (no helmet)
rElec  .         rRot     +     D - +0 cloak
SustAb . .       Spirit   +     (no gloves)
rMut   .         Warding  .     y - +1 pair of boots
Saprov . . .     Stasis   .     (no amulet)
MR     +....                    E - ring of protection from fire
                                B - ring of magical power

@: very slightly contaminated, somewhat resistant to hostile enchantments,
unstealthy
A: fangs 3, frail 1, regeneration 2, strong 1, magic shield, antimagic bite, no
device heal
a: Heroism, Renounce Religion


You were on level 10 of the Dungeon.
You worshipped Okawaru.
Okawaru was greatly pleased with you.
You were not hungry.

You visited 2 branches of the dungeon, and saw 11 of its levels.

You collected 319 gold pieces.

Inventory:

Hand weapons
 h - a +4,+1 war axe
 N - a +2,+2 battleaxe of freezing (weapon)
Missiles
 j - 10 darts (quivered)
 z - 24 arrows
Armour
 a - a cursed +0 robe
 f - a +0 leather armour
 m - a +0 scale mail
 y - a +1 pair of boots (worn)
 A - a +0 elven ring mail (worn)
 D - a +0 cloak (worn)
Magical devices
 l - a wand of confusion (2)
Comestibles
 c - 6 bread rations
 o - 3 meat rations
 v - 6 apricots
 w - 2 oranges
 P - 2 rotting chunks of centaur flesh
Scrolls
 g - 3 scrolls of enchant weapon II {unknown}
 p - 2 scrolls of remove curse
 t - a scroll of enchant armour {unknown}
 u - 2 scrolls of enchant weapon I
 x - a scroll of fog {unknown}
 C - a scroll of amnesia {unknown}
 F - a scroll of fear
 H - 2 scrolls of teleportation
 I - a scroll of random uselessness {unknown}
 L - a scroll of blinking {unknown}
 M - a scroll of identify
 O - a scroll of curse jewellery {unknown}
 Q - a scroll of summoning {unknown}
Jewellery
 d - an uncursed amulet of guardian spirit
 B - a ring of magical power (left hand)
 E - a ring of protection from fire (right hand)
Potions
 e - 2 potions of magic
 i - 2 potions of curing
 k - a potion of heal wounds
 n - 2 potions of speed
 q - a potion of might
 r - a potion of degeneration
 s - a potion of beneficial mutation
 G - 2 potions of agility
 R - a potion of lignification
Books
 b - a book of Flames

   Spells                             Type                      Level
   *Flame Tongue                      Conjuration/Fire             1
   Throw Flame                        Conjuration/Fire             2
   *Conjure Flame                     Conjuration/Fire             3
   Inner Flame                        Hexes/Fire                   3
   *Sticky Flame                      Conjuration/Fire             4
   Fireball                           Conjuration/Fire             5
 J - a book of Annihilations {highlevel}

   This book is beyond your current level of understanding.

   Spells                             Type                      Level
   Poison Arrow                       Conjuration/Poison           6
   Chain Lightning                    Conjuration/Air              8
   Lehudib's Crystal Spear            Conjuration/Earth            8
   Ice Storm                          Conjuration/Ice              9
   Fire Storm                         Conjuration/Fire             9
Magical staves
 K - an uncursed staff of poison


   Skills:
 - Level 4.1 Fighting
 * Level 6.7 Axes
   Level 4.8 Polearms
 - Level 3.6 Armour
 - Level 3.5 Dodging
 - Level 2.4 Stealth
 - Level 4.8 Spellcasting
 - Level 6.0 Conjurations
 - Level 6.7 Fire Magic
 - Level 2.8 Invocations


You had 10 spell levels left.
You knew the following spells:

 Your Spells              Type           Power        Failure   Level  Hunger
a - Flame Tongue          Conj/Fire      ####.        1%          1    None
b - Conjure Flame         Conj/Fire      ####....     3%          3    ###....
c - Sticky Flame          Conj/Fire      ####....     12%         4    ####...


Dungeon Overview and Level Annotations

Branches:
Dungeon (10/16)            Temple (1/1) D:5             Orc (0/4) D:10
   Lair: D:8-11

Altars:
Ashenzari
Cheibriados
Dithmengos
Elyvilon
Kikubaaqudgha
Makhleb
Okawaru
Trog
Vehumet
Xom
Yredelemnul

Shops:
D:4 =   D:8 /


Innate Abilities, Weirdness & Mutations

You have razor-sharp teeth.
You heal very quickly.
When hurt, damage is shared between your health and your magic reserves.
Your bite disrupts and absorbs the magic of your enemies.
Potions and wands cannot restore your HP.
You are frail (-10% HP).
Your muscles are strong. (Str +2)


Message History

The arrow hits you!
The centaur shoots an arrow.
The arrow misses you.
Unknown command.
Unknown command.
The hippogriff screeches!
The centaur unwields an uncursed bow.
The centaur hits you.
* * * LOW HITPOINT WARNING * * *
The crimson imp hits you but does no damage.
Unknown command.
Unknown command.
The quasit closely misses you.
The quasit claws you but does no damage.
The quasit closely misses you.
Unknown command.
Unknown command.
Your surroundings seem slightly different.
The centaur wields an uncursed bow.
The centaur shoots an arrow.
The arrow hits you!
* * * LOW HITPOINT WARNING * * *
The centaur shoots an arrow.
The arrow hits you!
You die...

#####.....#..........#.#
#.........#.........#.#.#
#.........#........#.#.#.#
#.......#.......#.##.# .
#.....^.#......#.## #
#.............#.##
#.....#......#.##
#.....#.....#.######.
#.#'###.@............
...###..................
.........................
..#####..(.............
###. #................
..... #.........#######
#......#(...5....#
+.........rc5ยง...#
#...#.#.#)#......#


You could see a centaur, a quasit, a crimson imp and a quokka.

Vanquished Creatures
  Pikel (D:9)
  A hill giant (D:10)
  The ghost of BlessedChild the Archer, an experienced CeHu (D:5)
  A wraith (D:10)
  2 hippogriffs (D:8)
  Menkaure (D:7)
  A deep dwarf (D:8)
  A necrophage (D:9)
  An orc warrior (D:10)
  3 ice beasts
  2 sky beasts
  An ogre (D:6)
  5 centaurs
  A water moccasin (D:10)
  3 giant frogs
  A yak skeleton (D:9)
  A giant frog zombie (D:9)
  8 wights
  5 crimson imps
  2 goliath beetles
  A centaur zombie (D:10)
  Crazy Yiuf (D:6)
  A hound (D:6)
  3 jellies
  3 scorpions
  3 worker ants
  An iguana (D:9)
  4 orc wizards
  2 killer bee zombies
  Ijyb (D:6)
  6 gnolls (D:6)
  12 adders
  A giant centipede (D:8)
  A gnoll zombie (D:9)
  A white imp (D:5)
  2 giant mites
  A giant centipede zombie (D:10)
  2 giant geckos
  2 oozes
  16 orcs
  A ball python (D:4)
  9 goblins
  9 hobgoblins
  4 jackals (D:6)
  5 kobolds
  2 quokkas
  6 bats
  2 giant cockroaches
  A giant gecko skeleton (D:6)
  A giant newt (D:6)
  A giant spore (D:6)
  11 rats
  3 ballistomycetes
161 creatures vanquished.

Vanquished Creatures (others)
  Psyche (D:9)
  A slave (D:9)
  A sky beast (D:9)
  A hobgoblin (D:9)
  A giant spore (D:9)
  A goblin (D:6)
6 creatures vanquished.

Grand Total: 167 creatures vanquished

Notes
Turn   | Place    | Note
--------------------------------------------------------------
     0 | D:1      | 4tharraofdagon, the Vine Stalker Fire Elementalist, began the quest for the Orb.
     0 | D:1      | Reached XP level 1. HP: 9/9 MP: 3/3
   111 | D:2      | Reached XP level 2. HP: 11/13 MP: 3/5
   139 | D:2      | Found a bloodstained altar of Trog.
   195 | D:2      | Reached XP level 3. HP: 16/16 MP: 0/7
   200 | D:2      | Learned a level 3 spell: Conjure Flame
   426 | D:4      | Found Xewurec's Jewellery Shoppe.
   444 | D:4      | Reached XP level 4. HP: 19/21 MP: 3/9
   477 | D:4      | Found a shadowy altar of Dithmengos.
   576 | D:4      | Reached skill level 4 in Fire Magic
   622 | D:5      | Entered Level 5 of the Dungeon
   648 | D:5      | Noticed BlessedChild's ghost (experienced CeHu)
   657 | D:5      | Killed BlessedChild's ghost
   657 | D:5      | Reached skill level 1 in Fighting
   657 | D:5      | Reached skill level 1 in Armour
   657 | D:5      | Reached skill level 5 in Fire Magic
   657 | D:5      | Reached XP level 5. HP: 6/26 MP: 0/13
   657 | D:5      | Gained mutation: You heal very quickly. [vine stalker growth]
   657 | D:5      | Reached XP level 6. HP: 6/30 MP: 0/15
   657 | D:5      | Reached XP level 7. HP: 6/34 MP: 0/17
   684 | D:5      | Found a staircase to the Ecumenical Temple.
   690 | Temple   | Entered the Ecumenical Temple
   697 | Temple   | Became a worshipper of Warmaster Okawaru
   935 | D:5      | Gained mutation: Your muscles are strong. (Str +2) [potion of mutation]
   935 | D:5      | Gained mutation: You are frail (-10% HP). [potion of mutation]
   981 | D:5      | Reached skill level 1 in Polearms
  1058 | D:6      | Learned a level 4 spell: Sticky Flame
  1080 | D:6      | Noticed Ijyb
  1095 | D:6      | Killed Ijyb
  1281 | D:6      | Gained mutation: You have razor-sharp teeth. [vine stalker growth]
  1281 | D:6      | Reached XP level 8. HP: 35/35 MP: 8/19
  1320 | D:6      | Reached skill level 5 in Conjurations
  1472 | D:6      | Acquired Okawaru's first power
  1641 | D:6      | Noticed Crazy Yiuf
  1646 | D:6      | Killed Crazy Yiuf
  1646 | D:6      | Reached skill level 6 in Fire Magic
  1811 | D:7      | Noticed Menkaure
  1902 | D:8      | Reached skill level 1 in Invocations
  1902 | D:8      | Reached XP level 9. HP: 27/39 MP: 19/21
  2056 | D:8      | Found Guxiqom's Magical Wand Emporium.
  2319 | D:9      | Noticed Pikel
  2320 | D:9      | Found a basalt altar of Yredelemnul.
  2327 | D:9      | Killed Pikel
  2470 | D:7      | Killed Menkaure
  2515 | D:8      | Reached XP level 10. HP: 41/44 MP: 22/23
  2542 | D:8      | Reached skill level 1 in Axes
  2904 | D:9      | Killed Psyche
  2984 | D:9      | Reached skill level 5 in Axes
  2992 | D:10     | Entered Level 10 of the Dungeon
  3035 | D:10     | Found a staircase to the Orcish Mines.
  3160 | D:10     | Noticed a hill giant
  3166 | D:10     | Killed a hill giant
  3191 | D:10     | Shot with an arrow by a centaur

Action                   |  1- 3 |  4- 6 |  7- 9 | 10-12 || total
-------------------------+-------+-------+-------+-------++-------
Melee: Unarmed           |    12 |       |       |       ||    12
       Dagger            |    21 |     2 |     1 |       ||    24
       Glaive            |       |       |   213 |       ||   213
       Battleaxe         |       |       |       |    54 ||    54
Throw: Dart              |       |       |     1 |       ||     1
 Cast: Flame Tongue      |    26 |    13 |    42 |     4 ||    85
       Conjure Flame     |       |     2 |     8 |     6 ||    16
       Sticky Flame      |       |       |    28 |    10 ||    38
Invok: Heroism           |       |       |     1 |       ||     1
Evoke: Wand              |     1 |       |     2 |       ||     3
  Use: Scroll            |       |       |     7 |     6 ||    13
       Potion            |       |       |     3 |       ||     3
 Stab: Confused          |       |       |     2 |       ||     2
       Sleeping          |       |       |       |     1 ||     1
